 Dungeon Crawl Stone Soup version 0.28-a0-556-gab23d0e057 (webtiles) character file.

Game seed: 6201038206485617725

149 kae the Chopper (level 5, -3/47 HPs)
             Began as a Hill Orc Fighter on Sept 28, 2021.
             Slain by a hornet (4 damage)
             ... while paralysed by a hornet
             ... on level 7 of the Dungeon.
             The game lasted 00:02:23 (3364 turns).

kae the Chopper (Hill Orc Fighter)                  Turns: 3364, Time: 00:02:24

Health: -3/47      AC:  6    Str: 20    XL:     5   Next: 31%
Magic:  5/5        EV:  2    Int:  8    God:
Gold:   48         SH:  0    Dex: 10    Spells: 4/4 levels left

rFire   . . .      SeeInvis .   a - +0 war axe
rCold   . . .      Faith    .   c - +0 buckler
rNeg    . . .      Spirit   .   b - +0 scale mail
rPois   .          Reflect  .   (no helmet)
rElec   .          Harm     .   (no cloak)
rCorr   .          Rampage  .   (no gloves)
Will    .....                   (no boots)
Stlth   ..........              (no amulet)
HPRegen 0.15/turn               (no ring)
MPRegen 0.09/turn               (no ring)

@: paralysed, mighty, lethally poisoned (-3 -> -18), slowed
A: no striking features
a: no special abilities


You were on level 7 of the Dungeon.
You visited 1 branch of the dungeon, and saw 5 of its levels.

You collected 132 gold pieces.
You spent 84 gold pieces at shops.

Inventory:

Hand Weapons
 a - a +0 war axe (weapon)
Armour
 b - a +0 scale mail (worn)
 c - a +0 buckler (worn)
Potions
 e - a potion of resistance
 f - a potion of heal wounds {unknown}
 g - a potion of mutation {unknown}
 i - 2 potions of degeneration
 j - 2 potions of attraction {unknown}
 k - a potion of haste {unknown}
 m - 3 potions of curing
 o - a potion of lignification


   Skills:
 + Level 4.9 Fighting
 * Level 6.0 Axes
 - Level 3.2 Armour
 - Level 3.2 Shields


You had 4 spell levels left.
You didn't know any spells.
Your spell library contained the following spells:

 Spells                   Type           Power      Damage    Failure   Level
 Magic Dart               Conj           0%         1d3       80%         1
 Call Imp                 Summ           0%         N/A       90%         2
 Mephitic Cloud           Conj/Pois/Air  0%         N/A       99%         3
 Portal Projectile        Hex/Tloc       0%         N/A       99%         3
 Leda's Liquefaction      Hex/Erth       0%         N/A       100%        4
 Blade Hands              Tmut           0%         N/A       100%        5
 Excruciating Wounds      Necr           0%         N/A       100%        5
 Lee's Rapid Deconstruct  Erth           0%         3d5*      100%        5
 Statue Form              Tmut/Erth      0%         N/A       100%        6


Dungeon Overview and Level Annotations

Branches:
Dungeon (4/15)
 Temple: D:4-7

Altars:

Shops:
D:1 :   D:2 !   D:3 ([

Annotations:
D:3 3 runed translucent doors, sn0wgr3's ghost, amateur GrFi


Message History

The water moccasin skeleton is heavily damaged.
The water moccasin skeleton bites you. x2
You are too injured to fight recklessly!
You are too injured to fight recklessly!
You are too injured to fight recklessly!
You are too injured to fight recklessly!
You are too injured to fight recklessly!
You slash the water moccasin skeleton!
The water moccasin skeleton is almost destroyed.
The water moccasin skeleton bites you but does no damage.
You slash the water moccasin skeleton!
You destroy the water moccasin skeleton!
Your Axes skill increases to level 6!
You have reached level 5!
You feel stronger.
You fall into a shaft and drop 3 floors!
The shaft crumbles and collapses.
A hornet and a skeleton come into view.
The hornet buzzes angrily.
You hear a shout!
Found a scroll labelled XUOM RUIBBEAFE and a potion of might.
Found a stone staircase leading down.
You feel very mighty all of a sudden.
You barely miss the hornet. The hornet stings you!
You are poisoned.
You feel yourself slow down. You block the hornet's attack.
You closely miss the hornet.
You feel very sick.
The hornet stings you but does no damage.
The hornet stings you.
* * * LOW HITPOINT WARNING * * *
You suddenly lose the ability to move!
A kobold brigand comes into view.
It is wielding a +0 short sword and quivering curare-tipped darts.
The hornet stings you.
* * * LOW HITPOINT WARNING * * *
You are more poisoned.
You feel as though you will be slow longer.
* * * LOW HITPOINT WARNING * * *
You feel very sick. The hornet stings you.
You die...

K.
###.########
#..........#
#......>...#
#..........#
....!......#
#.....y....#
#...Z..@...#
#........?.#
..#.########
#


You could see a hornet, a kobold brigand and a howler monkey skeleton.

Vanquished Creatures
  A water moccasin skeleton (D:4)
  An orc priest (D:3)
  An adder (D:3)
  2 dart slugs
  3 orcs (D:3)
  3 ball pythons
  6 bats
  7 endoplasms (D:1)
  4 giant cockroaches
  6 goblins
  A hobgoblin (D:1)
  A jackal (D:1)
  5 quokkas
  4 frilled lizards
  5 kobolds
  7 rats
57 creatures vanquished.

Vanquished Creatures (others)
  3 fungi (D:3)
  3 plants (D:3)
6 creatures vanquished.

Grand Total: 63 creatures vanquished

Notes
Turn   | Place    | Note
-------+----------+-------------------------------------------
     0 | D:1      | kae the Hill Orc Fighter began the quest for the Orb.
     0 | D:1      | Reached XP level 1. HP: 19/19 MP: 1/1
    18 | D:1      | Found Byuquamoh's Book Shoppe.
    24 | D:1      | Reached skill level 3 in Axes
    82 | D:1      | Reached XP level 2. HP: 27/27 MP: 2/2
   748 | D:1      | Reached skill level 4 in Axes
   803 | D:1      | Reached XP level 3. HP: 27/33 MP: 3/3
  1520 | D:2      | Found Apog's Distillery.
  2079 | D:2      | Bought a potion of curing for 36 gold pieces
  2079 | D:2      | Bought a potion of lignification for 36 gold pieces
  2079 | D:2      | Bought a potion of degeneration for 12 gold pieces
  2337 | D:3      | Found a faded altar of an unknown god.
  2722 | D:3      | Reached skill level 5 in Axes
  2722 | D:3      | Reached XP level 4. HP: 33/41 MP: 4/4
  2780 | D:3      | Found a runed translucent gate.
  2780 | D:3      | Found a runed translucent gate.
  2780 | D:3      | Found a runed translucent gate.
  2780 | D:3      | Noticed sn0wgr3's ghost (amateur GrFi)
  2815 | D:3      | Found Xizar's Antique Weapon Shop.
  2946 | D:3      | Found Geho's Armour Boutique.
  3360 | D:4      | Reached skill level 6 in Axes
  3360 | D:4      | Reached XP level 5. HP: 29/47 MP: 5/5
  3360 | D:4      | You fall into a shaft and drop 3 floors!
  3360 | D:7      | Noticed a hornet
  3363 | D:7      | Paralysed by a hornet for 3 turns
  3363 | D:7      | Noticed a kobold brigand
  3364 | D:7      | HP: 1/47 [poisoned by a hornet]
  3364 | D:7      | Slain by a hornet

Illustrated notes

Levels and vault maps discovered:
D:1:      minmay_arrival_up_and_down, layout_basic, serial_shops, shop,
          st_stairs_3
D:2:      layout_basic, serial_curves, eino_curves_03, eino_curves_03,
          serial_shops, shop_statue, minmay_split_cup_large
D:3:      layout_loops_corners, gammafunk_ghost_split,
          shapermc_ecumenical_altar_mp_urbaneastern, serial_shops,
          nicolae_shop_waterfront, nicolae_shop_crystal, minmay_checkerbox
D:4:      layout_layer_cave, grunt_temple_overflow_forces_of_nature,
          nicolae_overflow_crystal_walls, temple_statues, serial_shops, shop
D:7:      layout_rooms, tgw_trog, serial_shops, shop

Skill      XL: |  1  2  3  4 |
---------------+-------------+-----
Axes           | 3 4 5 6 |  6.0
Fighting       | 4 |  4.9
Armour         | |  3.2
Shields        | |  3.2

Action                   |  1- 3 |  4- 6 || total
-------------------------+-------+-------++-------
Melee: War axe           |   111 |    40 ||   151
  Use: Scroll            |       |     4 ||     4
       Potion            |       |     1 ||     1
Armor: Scale mail        |    41 |     9 ||    50
Dodge: Dodged            |    49 |    17 ||    66
Block: Buckler           |    18 |    12 ||    30

Table legend: (Time is in decaauts)
 A = Elapsed time spent in this place.
 B = Non-inter-level travel time spent in this place.
 C = Inter-level travel time spent in this place.
 D = Time resting spent in this place.
 E = Time spent auto-exploring this place.
 F = Levels seen in this place.
 G = Mean time per level.
                   A        B        C        D        E       F      G
               +--------+--------+--------+--------+--------+-----+--------+
         Total |   3407 |   3291 |    116 |    205 |   2711 |   5 |  681.4 |
       Dungeon |   3407 |   3291 |    116 |    205 |   2711 |   5 |  681.4 |
               +--------+--------+--------+--------+--------+-----+--------+

Top non-repeatable levels by time:
     D:1: 1306 daAuts
     D:3: 1182 daAuts
     D:2: 898 daAuts
     D:4: 16 daAuts
     D:7: 5 daAuts
